 Dungeon Crawl Stone Soup version 0.16.2-2-g470672f (webtiles) character file.

2427 CrazyArbalest the Quickloader (level 9, -7/108 HPs)
             Began as a Centaur Hunter on Aug 17, 2015.
             Was an Initiate of Gozag.
             Killed by Freeze
             ... invoked by Yoba's ghost
              (9 damage)
             ... on level 7 of the Dungeon.
             The game lasted 00:48:42 (9508 turns).

CrazyArbalest the Quickloader (Centaur Hunter)      Turns: 9508, Time: 00:48:42

Health: -7/108     AC: 24    Str: 19    XL:     9   Next: 24%
Magic:  7/7        EV:  1    Int: 10    God:    Gozag
Gold:   374        SH:  0    Dex: 14    Spells: 0 memorised, 8 levels left

rFire  . . .     SeeInvis .     Y - +3 battleaxe
rCold  + . .     Clarity  +     u - melded +0 ring mail
rNeg   + + +     SustAb   .     (no shield)
rPois  +         Gourm    .     (helmet currently unavailable)
rElec  .         Spirit   .     (cloak currently unavailable)
rCorr  .         Warding  .     (gloves currently unavailable)
rMut   .         NoTele   +     E - melded +0 centaur barding
MR     .....                    (no amulet)
Stlth  ++........               (no ring)
                                R - ring of protection from cold

@: mighty, tree-form, very slightly contaminated, invisible, not resistant to
hostile enchantments, unstealthy
A: (hooves 0), clarity, (deformed body), deterioration 1, (speed 0), (tough skin
0)
a: Potion Petition, Call Merchant, Bribe Branch, Renounce Religion


You were on level 7 of the Dungeon.
You worshipped Gozag.
Gozag was noncommittal.
You were full.
You were a tree.
You visited 2 branches of the dungeon, and saw 8 of its levels.

You collected 509 gold pieces.
You paid 135 gold pieces to Gozag.

Inventory:

Hand weapons
 a - a +0 morningstar
 b - a +1 hand crossbow
 s - a +1 falchion of holy wrath
 v - a cursed -2 hunting sling
 F - a +0 short sword of venom
 Q - a +1 dagger of speed
 V - a +0 hunting sling of freezing
 Y - a +3 battleaxe (weapon)
Missiles
 c - 9 bolts
 e - 214 stones (quivered)
 l - 4 sling bullets of flame
 H - 9 sling bullets
 O - 8 bolts of penetration
Armour
 d - a +0 leather armour
 u - a +0 ring mail (melded)
 E - a +0 centaur barding (melded)
 L - a +2 robe
 S - a +2 plate armour of poison resistance
Rods
 B - a +2 lightning rod (13/13)
   (You took it off an orc on level 3 of the Dungeon)
Jewellery
 R - a ring of protection from cold (left branch)
Magical devices
 g - a wand of invisibility (0)
 K - a wand of paralysis (14)
 N - a wand of disintegration (8)
 P - a wand of cold (7)
 U - a wand of disintegration (15)
Scrolls
 i - 2 scrolls of identify
 j - 2 scrolls of enchant weapon {unknown}
 o - 2 scrolls of teleportation
 q - 2 scrolls of fog {unknown}
 r - a scroll of enchant armour {unknown}
 x - 3 scrolls of random uselessness {unknown}
 C - 4 scrolls of immolation
 I - 2 scrolls of amnesia {unknown}
 W - 2 scrolls of magic mapping {unknown}
 X - a scroll of recharging {unknown}
 Z - 2 scrolls of noise {unknown}
Potions
 h - a potion of haste
 n - a potion of invisibility
 w - a potion of ambrosia {unknown}
 D - a potion of restore abilities {unknown}
 G - a potion of brilliance {unknown}
 J - a potion of mutation
 T - a potion of resistance {unknown}
Comestibles
 f - 8 bread rations
 m - a meat ration


   Skills:
 + Level 4.6 Fighting
 - Level 1.3 Short Blades
 + Level 3.8 Maces & Flails
 * Level 9.7 Crossbows
 + Level 3.7 Armour
 + Level 3.8 Dodging
 + Level 0.8 Stealth


You had 8 spell levels left.
You didn't know any spells.

Dungeon Overview and Level Annotations

Branches:
Dungeon (7/15)             Temple (1/1) D:6

Altars:
Ashenzari
Cheibriados
Dithmenos
Elyvilon
Fedhas
Gozag
Makhleb
Nemelex Xobeh
Okawaru
Qazlal
Ru
Sif Muna
Trog
Vehumet
Xom
Yredelemnul
Zin
The Shining One

Annotations:
D:7 Pikel; Yoba's ghost, experienced FeIE


Innate Abilities, Weirdness & Mutations

((You have hooves in place of feet.))
((Armour fits poorly on your strangely shaped body.))
((You cover ground very quickly.))
((You have extremely tough skin (AC +3).))
You possess an exceptional clarity of mind.
Your body is slowly deteriorating.


Message History

Unknown command.
Quiver which item? (- for none, * to show all) (? for menu, Esc to quit)
Okay, then.
Drink which item? (? for menu, Esc to quit)
It was a potion of invisibility.
You fade into invisibility!
Yoba's ghost hits you.
* * * LOW HITPOINT WARNING * * *
Drink which item? (? for menu, Esc to quit)
It was a potion of lignification.
You turn into a tree.
Your +0 centaur barding melds into your body.
Your +0 ring mail melds into your body.
Your roots penetrate the ground.
Yoba's ghost hits you.
* * * LOW HITPOINT WARNING * * *
Drink which item? (? for menu, Esc to quit)
It was a potion of might.
You feel very mighty all of a sudden.
Yoba's ghost points at you and mumbles some strange words.
You die...
Your body crumbles into a pile of gold.

#.#(###.....# #.#(# #.....# #.#.#
#.....# ######)(.###.....# ###
#.........###....##
#...#..................
#...#...........##)####
########.##...#..W........##.##
.........##...##♣##.......##..# #
#.#########...##.##.......###.###
...##....##...##.##.......# #..##
#..##....##...##.##.......# ##.##
#........##...##.##.......# #..#
##.#..........'..##.......# ##.#
#..#..#####...########### #.#
#..#..# ##### #.# #.##..# #..


You could see Yoba's ghost.

Vanquished Creatures
  An ice beast (D:5)
  4 centaurs
  2 sky beasts
  A phantom (D:4)
  2 ogres (D:6)
  Duvessa (D:5)
  3 giant frogs
  Blork the orc (D:5)
  A jelly (D:5)
  4 scorpions
  3 wights (D:6)
  Dowan (D:5)
  A giant frog zombie (D:5)
  4 orc priests
  A crimson imp (D:6)
  A giant frog skeleton (D:7)
  5 hounds
  4 worker ants
  An orc wizard (D:5)
  A gnoll shaman (D:7)
  A killer bee zombie (D:6)
  Ijyb (D:7)
  A hound skeleton (D:6)
  A worker ant zombie (D:4)
  6 gnolls
  7 adders
  2 giant mites
  3 worms
  An adder skeleton (D:5)
  3 giant geckos
  2 oozes (D:2)
  9 orcs
  3 ball pythons
  2 bat skeletons (D:5)
  6 giant cockroaches
  13 goblins
  17 hobgoblins
  5 jackals
  12 kobolds
  2 quokkas
  15 bats
  2 giant newts (D:1)
  A quokka zombie (D:6)
  15 rats
172 creatures vanquished.

Notes
Turn   | Place    | Note
--------------------------------------------------------------
     0 | D:1      | CrazyArbalest, the Centaur Hunter, began the quest for the Orb.
     0 | D:1      | Reached XP level 1. HP: 17/17 MP: 1/1
   364 | D:1      | Reached XP level 2. HP: 8/24 MP: 2/2
   553 | D:1      | Reached skill level 5 in Crossbows
  1150 | D:1      | Reached XP level 3. HP: 27/29 MP: 3/3
  1654 | D:2      | Reached skill level 1 in Short Blades
  2001 | D:2      | Reached XP level 4. HP: 29/36 MP: 3/3
  2599 | D:3      | Reached skill level 1 in Armour
  2903 | D:3      | Found a snail-covered altar of Cheibriados.
  2919 | D:3      | Reached XP level 5. HP: 42/42 MP: 4/4
  3935 | D:4      | Noticed a sky beast
  4163 | D:4      | Noticed a phantom
  4175 | D:4      | Killed a phantom
  4175 | D:4      | Reached skill level 1 in Maces & Flails
  4175 | D:4      | Reached skill level 6 in Crossbows
  4175 | D:4      | Reached XP level 6. HP: 50/50 MP: 5/5
  4509 | D:4      | Killed a sky beast
  4986 | D:4      | Reached XP level 7. HP: 24/56 MP: 5/5
  5752 | D:5      | Entered Level 5 of the Dungeon
  5886 | D:5      | Noticed Blork the orc
  5919 | D:4      | Reached skill level 7 in Crossbows
  6004 | D:5      | Killed Blork the orc
  6675 | D:5      | Reached skill level 8 in Crossbows
  6678 | D:5      | Reached XP level 8. HP: 34/63 MP: 6/6
  6757 | D:5      | Found a sacrificial altar of Ru.
  6817 | D:5      | Noticed Duvessa
  6819 | D:5      | Noticed Dowan
  6823 | D:5      | Killed Duvessa
  6831 | D:5      | Killed Dowan
  7845 | D:6      | Found an iron altar of Okawaru.
  8108 | D:6      | Found a staircase to the Ecumenical Temple.
  8121 | Temple   | Entered the Ecumenical Temple
  8191 | Temple   | Became a worshipper of Gozag Ym Sagoz the Greedy
  8407 | D:6      | Reached skill level 9 in Crossbows
  8625 | D:6      | Reached XP level 9. HP: 59/72 MP: 7/7
  9068 | D:7      | Noticed Yoba's ghost (experienced FeIE)
  9264 | D:7      | Noticed Ijyb
  9318 | D:7      | Killed Ijyb
  9352 | D:7      | Noticed Pikel
  9430 | D:7      | Noticed a green ugly thing
  9505 | D:7      | Gained mutation: You possess an exceptional clarity of mind. [potion of mutation]
  9505 | D:7      | Gained mutation: Your body is slowly deteriorating. [potion of mutation]
  9506 | D:7      | HP: 3/72 [Yoba's ghost (1)]
  9507 | D:7      | HP: 1/108 [Yoba's ghost (3)]
  9508 | D:7      | Killed from afar by Yoba's ghost

Action                   |  1- 3 |  4- 6 |  7- 9 || total
-------------------------+-------+-------+-------++-------
Melee: Short sword       |   180 |    61 |       ||   241
       Morningstar       |       |   124 |   250 ||   374
       Battleaxe         |       |       |    20 ||    20
 Fire: Hand crossbow     |     9 |    54 |   131 ||   194
  Use: Potion            |       |       |     7 ||     7
       Scroll            |       |       |     3 ||     3
  Eat: Chunk             |     3 |     7 |     9 ||    19
       Beef jerky        |       |       |     4 ||     4
       Fruit             |       |       |     3 ||     3
